 Dungeon Crawl Stone Soup version 0.22-a0-3-g4fa69d9 (webtiles) character file.

3420 Lanoc the Cleaver (level 9, -5/80 HPs)
             Began as a Minotaur Monk on Jan 2, 2018.
             Was a Priest of the Shining One.
             Slain by a two-headed ogre
             ... wielding a +0 giant club
              (23 damage)
             ... on level 7 of the Dungeon.
             The game lasted 00:13:49 (6575 turns).

Lanoc the Cleaver (Minotaur Monk)                   Turns: 6575, Time: 00:13:50

Health: -5/80      AC: 13    Str: 17    XL:     9   Next: 76%
Magic:  10/11      EV:  8    Int:  7    God:    the Shining One [***...]
Gold:   404        SH:  8    Dex: 15    Spells: 8/8 levels left

rFire    . . .     SeeInvis .   a - +0 hand axe
rCold    . . .     Gourm    .   (no shield)
rNeg     + . .     Faith    .   k - +0 plate armour
rPois    .         Spirit   .   (helmet restricted)
rElec    .         Reflect  .   (no cloak)
rCorr    .         Harm     .   (no gloves)
MR       .....                  (no boots)
Stlth    ..........             (no amulet)
HPRegen  0.23/turn              (no ring)
MPRegen  0.12/turn              (no ring)

@: divine shield, glowing
A: retaliatory headbutt, horns 2
a: Divine Shield, Renounce Religion


You were on level 7 of the Dungeon.
You worshipped the Shining One.
The Shining One was most pleased with you.
You were near starving.

You visited 2 branches of the dungeon, and saw 9 of its levels.

You collected 404 gold pieces.

Inventory:

Hand Weapons
 a - a +0 hand axe (weapon)
Missiles
 e - 183 arrows
 m - 61 bolts
Armour
 k - a +0 plate armour (worn)
Wands
 l - a wand of flame (36)
 q - a wand of polymorph (19)
 v - a wand of paralysis (10)
Scrolls
 b - 2 scrolls of fog {unknown}
 d - 2 scrolls of blinking {unknown}
 f - a scroll of noise {unknown}
 g - 6 scrolls of identify {unknown}
 h - 10 scrolls of remove curse {unknown}
 i - 3 scrolls of enchant armour {unknown}
 j - 5 scrolls of teleportation {unknown}
 o - a scroll of fear {unknown}
 r - 2 scrolls of amnesia {unknown}
 s - 2 scrolls of enchant weapon {unknown}
 u - a scroll of random uselessness {unknown}
 w - a scroll of acquirement {unknown}
 x - a scroll of magic mapping {unknown}
Potions
 n - a potion of ambrosia {unknown}
 p - a potion of curing
 z - a potion of lignification {unknown}
 A - a potion of might {unknown}
 B - a potion of haste {unknown}
Comestibles
 c - 14 rations


   Skills:
 + Level 7.7 Fighting
 * Level 10.4 Axes
 + Level 6.7 Armour
 + Level 7.0 Dodging
 - Level 1.5 Stealth
 + Level 5.2 Invocations


You had 8 spell levels left.
You didn't know any spells.

Dungeon Overview and Level Annotations

Branches:
Dungeon (8/15)             Temple (1/1) D:6
   Lair: D:8-11

Altars:
Cheibriados
Dithmenos
Elyvilon
Fedhas
Kikubaaqudgha
Makhleb
Okawaru
Qazlal
Ru
Sif Muna
Uskayaw
Vehumet
Wu Jian
Xom
Yredelemnul
Zin
The Shining One

Shops:
D:4 [   D:5 }


Innate Abilities, Weirdness & Mutations

You reflexively headbutt those who attack you in melee.
You have a pair of horns on your head.


Message History

The two-headed ogre hits you with a giant club.
The two-headed ogre hits you but does no damage.
You completely miss the two-headed ogre.
Your headbutt misses the two-headed ogre.
The two-headed ogre is heavily wounded.
You hit the two-headed ogre. You headbutt the two-headed ogre.
The two-headed ogre is heavily wounded.
The two-headed ogre hits you with a giant club.
* * * LOW HITPOINT WARNING * * *
The two-headed ogre barely misses you.
You hit the two-headed ogre.
The two-headed ogre is heavily wounded.
The two-headed ogre hits you with a giant club!
* * * LOW HITPOINT WARNING * * *
The two-headed ogre hits you with a dire flail.
* * * LOW HITPOINT WARNING * * *
You see here a spear.
You feel better.
The two-headed ogre hits you with a giant club!!
You die...

##......# #.#.#
#.#....# #.#.####
#.#....# #.<.†..#
##.#†...###...##.#
........+......#)#
.#.#....####...#.#
.#.#..### #...#.#
.#.##########..#O#
.#............>#@#
.........#####.#.#
########.#####.#.#
#.............###
#.###(#####.....#
####.# #.# #####.#
...#.# #.# #.#
##.#.# #.# #.#
##.#.###.#########.#


You could see a two-headed ogre.

Vanquished Creatures
  Pikel (D:4)
  The ghost of OnekoMk1 the Thaumaturge, a novice DEAE of Vehumet (D:7)
  Sigmund (D:2)
  A warg (D:7)
  Edmund (D:4)
  A water moccasin (D:7)
  An orc warrior (D:6)
  3 ice beasts
  A sky beast (D:7)
  A black bear (D:7)
  A slave (D:4)
  A phantom (D:6)
  3 ogres
  2 centaurs (D:7)
  5 bullfrogs
  4 scorpions
  A howler monkey (D:4)
  A crimson imp (D:5)
  An orc priest (D:6)
  A jelly (D:5)
  An orc wizard (D:6)
  2 bullfrog skeletons
  3 iguanas
  Jessica (D:3)
  2 worker ants (D:5)
  A hound zombie (D:7)
  5 gnolls
  9 adders
  3 oozes
  An adder skeleton (D:4)
  An adder zombie (D:7)
  3 worms
  2 dart slugs (D:3)
  2 leopard geckos
  17 orcs
  A ball python (D:1)
  4 giant cockroaches
  2 goblins
  9 hobgoblins
  4 jackals (D:7)
  6 kobolds
  3 quokkas
  6 bats
  3 frilled lizards
  6 rats
129 creatures vanquished.

Vanquished Creatures (others)
  A necrophage (D:4)
  3 slaves (D:4)
  A hound (D:4)
  A worker ant (D:4)
  A jackal skeleton (D:4)
7 creatures vanquished.

Grand Total: 136 creatures vanquished

Notes
Turn   | Place    | Note
-------+----------+-------------------------------------------
     0 | D:1      | Lanoc the Minotaur Monk began the quest for the Orb.
     0 | D:1      | Reached XP level 1. HP: 19/19 MP: 0/0
    20 | D:1      | Reached XP level 2. HP: 24/27 MP: 1/1
    45 | D:1      | Reached skill level 4 in Axes
   293 | D:1      | Reached skill level 1 in Armour
   321 | D:1      | Found a sparkling altar of Nemelex Xobeh.
   323 | D:1      | Found a snail-covered altar of Cheibriados.
   323 | D:1      | Found a burning altar of Makhleb.
   325 | D:1      | Found a shimmering altar of Xom.
   325 | D:1      | Found a radiant altar of Vehumet.
   325 | D:1      | Found a shimmering altar of Xom.
   507 | D:2      | Reached XP level 3. HP: 33/33 MP: 2/2
   652 | D:2      | Found a glowing golden altar of the Shining One.
  1249 | D:2      | Became a worshipper of the Shining One
  1249 | D:2      | Reached * piety under the Shining One
  1249 | D:2      | Reached ** piety under the Shining One
  1391 | D:2      | Noticed Sigmund
  1409 | D:2      | Killed Sigmund
  1409 | D:2      | Reached skill level 5 in Axes
  1409 | D:2      | Reached skill level 1 in Invocations
  1409 | D:2      | Reached XP level 4. HP: 23/41 MP: 2/4
  1409 | D:2      | Reached XP level 5. HP: 27/47 MP: 2/5
  2266 | D:3      | Reached XP level 6. HP: 44/53 MP: 6/6
  2407 | D:3      | Noticed Jessica
  2412 | D:3      | Killed Jessica
  2489 | D:4      | Noticed a slave
  2489 | D:4      | Noticed a slave
  2499 | D:4      | Noticed a slave
  2500 | D:4      | Noticed Pikel
  2503 | D:4      | Noticed a slave
  2506 | D:4      | Killed a slave
  2521 | D:4      | Killed Pikel
  2521 | D:4      | Reached skill level 5 in Fighting
  2521 | D:4      | Reached skill level 7 in Axes
  2521 | D:4      | Reached XP level 7. HP: 16/61 MP: 7/7
  2758 | D:4      | Found Jathokud's Armour Shoppe.
  2769 | D:4      | Noticed Edmund
  2774 | D:4      | Reached skill level 5 in Dodging
  2853 | D:4      | Killed Edmund
  2929 | D:4      | Killed a freed slave
  3242 | D:4      | Reached XP level 8. HP: 48/70 MP: 9/9
  3528 | D:5      | Entered Level 5 of the Dungeon
  3917 | D:5      | Reached skill level 8 in Axes
  3993 | D:5      | Found Paneeh's Gadget Emporium.
  4358 | D:5      | Reached skill level 5 in Armour
  4362 | D:5      | Found an iron altar of Okawaru.
  4695 | D:6      | Reached skill level 9 in Axes
  4732 | D:6      | Reached *** piety under the Shining One
  5054 | D:6      | Reached XP level 9. HP: 75/78 MP: 11/11
  5188 | D:6      | Found a staircase to the Ecumenical Temple.
  5194 | Temple   | Entered the Ecumenical Temple
  5864 | D:7      | Noticed OnekoMk1's ghost (novice DEAE)
  6125 | D:7      | Killed OnekoMk1's ghost
  6125 | D:7      | Reached skill level 10 in Axes
  6125 | D:7      | Reached skill level 5 in Invocations
  6528 | D:8      | Noticed a two-headed ogre
  6575 | D:7      | Slain by a two-headed ogre

Vault maps used:
D:1:      kennysheep_arrival_forest, doesnt_xom_only_xom
D:2:      nicolae_tso_carved_into_rock, uniq_sigmund
D:3:      uniq_jessica
D:4:      first_ration, serial_shops, nicolae_shop_stone, uniq_edmund,
          uniq_pikel
D:5:      okawaru_ov_weapons_minmay, serial_shops, shop, minmay_misc_feat_rows
D:6:      minmay_temple_entry_statues
D:8:      lemuel_castle_with_subvaults, overflow_temple_1_default,
          david_nohive_1
Temple:   nicolae_temple_elliptical

Skill      XL: |  1  2  3  4  5  6  7  8  9 |
---------------+----------------------------+-----
Axes           | 4 5 7 9 10 | 10.4
Armour         | 1 2 3 4 5 6 |  6.7
Fighting       | 4 5 6 7 |  7.7
Dodging        | 4 5 6 7 |  7.0
Invocations    | 1 2 3 4 5 |  5.2
Stealth        | |  1.5

Action                   |  1- 3 |  4- 6 |  7- 9 || total
-------------------------+-------+-------+-------++-------
Melee: Hand axe          |    75 |    94 |   384 ||   553
       Headbutt          |    14 |    16 |    73 ||   103
Invok: Divine Shield     |       |       |     1 ||     1
  Use: Potion            |       |       |     9 ||     9
 Stab: Sleeping          |     2 |       |       ||     2
  Eat: Ration            |     1 |       |       ||     1
       Chunk             |       |     2 |    11 ||    13
Armor: Robe              |     8 |     2 |       ||    10
       Plate armour      |       |    38 |   159 ||   197
       Scale mail        |       |     2 |       ||     2
Dodge: Dodged            |    42 |    37 |   128 ||   207
Block: Other             |       |       |     4 ||     4

Table legend:
 A = Spawn XP
 B = Non-spawn XP
 C = Spawn XP percentage of total XP
 D = Spawn monster count
 E = Non-spawn monster count
 F = Spawn count percentage of total count
 G = Total turns spent on level
                    A         B        C        D         E        F      G
               +---------+---------+-------+---------+---------+-------+---------
         Total |       0 |    4887 |   0.0 |       0 |     128 |   0.0 |  6575
               +---------+---------+-------+---------+---------+-------+---------
           D:1 |       0 |      27 |   0.0 |       0 |       9 |   0.0 |   426
           D:2 |       0 |     270 |   0.0 |       0 |      22 |   0.0 |  1368
           D:3 |       0 |     139 |   0.0 |       0 |      31 |   0.0 |   695
           D:4 |       0 |    1153 |   0.0 |       0 |      11 |   0.0 |  1039
           D:5 |       0 |     574 |   0.0 |       0 |      22 |   0.0 |  1067
           D:6 |       0 |     806 |   0.0 |       0 |      11 |   0.0 |   972
           D:7 |       0 |    1821 |   0.0 |       0 |      21 |   0.0 |   810
           D:8 |       0 |      97 |   0.0 |       0 |       1 |   0.0 |    28
               +---------+---------+-------+---------+---------+-------+---------
